vorpal, neutral male human Tourist ------ -+------------ ----- |..... |.............# |...| |.....@ #.............|# |.{.| |......@f #|............|##` ----- |....####### |>.+.. #W #---.-------.-- # |..#|######....|########## # ----- ------ # # ###### #### ###|....# -.--- ### --.-- ##-.)%| # # ## #....|# # |`..| # |.?*| # # #### ----- ##....-####### .)?| # # ## |...| ?!| # # #### |...| !?| # # ## ----- (| #### # ####### -- #------# ----.----.-.-- #|....|# |............| #.....|# |............| |....-# |............| |....| |............| |....| -------------- ------ vorpal the Excursionist Experience level: 6 Strength: 18/01 Dexterity: 13 Constitution: 16 Intelligence: 12 Wisdom: 9 Charisma: 16 Health: 0(45) Energy: 18(18) Def: 9 Gold: 2616 Moves: 5458 Dungeon seed: U8pRBY7NDd7PiRkk Game ID: vorpal_1530881420 Your Inventory: Coins $ - 2616 gold pieces Weapons a - 9 +2 darts p - 6 cursed -1 shuriken u - 2 +0 orcish daggers x - 9 +1 darts A - 6 +0 daggers (in quiver) C - 4 +0 darts D - 7 blessed +2 darts G - the +3 Sting (weapon in hand) H - 10 +0 darts O - a blessed +0 dagger S - a +0 elven dagger Armor e - an uncursed +0 Hawaiian shirt (being worn) n - an uncursed +0 orcish helm (being worn) K - an uncursed +0 cloak of displacement (being worn) N - an uncursed +0 pair of iron shoes (being worn) P - an uncursed +0 elven mithril-coat (being worn) Comestibles g - 2 uncursed oranges F - 4 cursed food rations I - 2 cursed tripe rations Scrolls j - 4 cursed scrolls of magic mapping k - 4 uncursed scrolls of magic mapping Potions b - a cursed potion of sickness i - a cursed potion of blindness o - an uncursed potion of extra healing t - an uncursed potion of confusion U - a potion of unholy water V - a cursed potion of extra healing W - a cursed potion of oil X - a cursed potion of levitation Rings h - a cursed ring of regeneration Wands f - a wand of striking (0:4) M - a cursed wand of make invisible (0:5) R - a wand of cancellation (0:8) Z - a cursed wand of probing (0:2) Tools l - an expensive camera (0:91) m - an uncursed credit card s - 2 blessed partly used tallow candles (0:115) v - an uncursed blindfold w - 2 blessed partly used tallow candles (0:151) B - 5 cursed tallow candles (0:200) J - a cursed pair of lenses Gems q - an uncursed worthless piece of green glass r - an uncursed agate stone y - 2 uncursed amber stones z - an uncursed worthless piece of yellowish brown glass Spells and supernatural/magical abilities: Name Level Category Fail Memory i - invisibility 4 escape 100% 91% I - identify 3 divination 100% 97% W - pray for help -- divine ? -- Your skills at the end: Fighting Skills Weapon Skills dart [Basic] Spellcasting Skills Final Attributes: You were devoutly aligned. You were poison resistant. You were telepathic. You were aware of the presence of orcs. You were invisible. You were displaced. You are dead. Vanquished creatures: a ghost a leprechaun a lizard a blue jelly a water nymph a mountain nymph an orc shaman a yellow light a shrieker 4 gnome lords a ghoul a little dog 4 floating eyes a kitten 3 dwarves 4 rothes a giant bat 4 orc zombies 3 wererats a werejackal an iguana 2 coyotes 5 hobbits 3 hobgoblins 2 giant rats a green mold 17 gnomes 2 geckos 2 jackals 3 goblins 6 grid bugs 3 lichens 4 newts 87 creatures vanquished. Voluntary challenges: You used a wielded weapon 71 times, starting on turn 419. You read items or engraved 34 times, starting on turn 2156. You never genocided any monsters. You never polymorphed an object. You never changed form. You used no wishes. You never split a pudding. You wrote Elbereth's name 4 times, starting on turn 2184. You violated your moral code, losing 24 points of alignment, starting on turn 4957. Dungeon overview: The Dungeons of Doom: levels 1 to 6 Level 1 an altar to Offler a long staircase Level 2 a fountain stairs to The Gnomish Mines Level 3 a general store, a fountain Level 4 a potion shop Level 5 Level 6 <- You were here a general store, a fountain, a sink The Gnomish Mines: levels 3 to 4 Level 3 stairs to The Dungeons of Doom Level 4 History has recorded: On T:1 you entered the Dungeons of Doom to retrieve the Amulet of Yendor! On T:575 you reached level 2 of The Dungeons of Doom. On T:922 you reached level 3 of The Dungeons of Doom. On T:953 you advanced to experience level 2. On T:1082 you reached level 1 of The Gnomish Mines. On T:1098 you advanced to experience level 3. On T:1134 you reached level 2 of The Gnomish Mines. On T:1146 you advanced to experience level 4. On T:1352 you advanced to experience level 5. On T:3012 you reached level 4 of The Dungeons of Doom. On T:3084 you advanced to experience level 6. On T:3800 you reached level 5 of The Dungeons of Doom. On T:4250 you reached level 6 of The Dungeons of Doom. Score breakdown: Gold: 1904 (11157 points) Experience: 6 levels (12456 points) Exploration: 6 levels ( 12.50%) ( 9784 points) Discoveries: 7 items ( 2.35%) ( 4597 points) Valuables value: (no points given unless you survive) Artifact value: 800 ( 9877 points) Variety of kills: 33 monsters ( 8.66%) ( 8829 points) Turncount: 5458 turns (-1484 points) Survival: died (score multiplied by 80%) Total score: 44172 Latest messages: You hit the Woodland-elf! The Woodland-elf hits! The kitten misses the Woodland-elf. You miss the Woodland-elf. The Woodland-elf misses. The Woodland-elf misses the Woodland-elf. The kitten misses the Woodland-elf. (2x) You miss the Woodland-elf. The Woodland-elf strikes at your invisible displaced image and misses you! The Woodland-elf misses. The kitten misses the Woodland-elf. You miss the Woodland-elf. The Woodland-elf hits! The kitten misses the Woodland-elf. The kitten bites the Woodland-elf. The Woodland-elf hits the kitten. You miss the Woodland-elf. The Woodland-elf hits! You hit the Woodland-elf! The Woodland-elf wields a runed broadsword! The Woodland-elf hits! As you open the bottle, an enormous ghost emerges! You are frightened to death, and unable to move. The Woodland-elf hits! (2x) You die... Final status: Aloha vorpal the Tourist, killed by a Woodland-elf, while being frightened to death... You died in The Dungeons of Doom on dungeon level 6 with 44172 points, and 2616 pieces of gold, after 5458 moves. You were level 6 with a maximum of 45 hit points when you died.